 Dungeon Crawl Stone Soup version 0.28.0-53-g5a82cb258f (webtiles) character file.

Game seed: 5065375848658310474

21 worthlessgem the Scratcher (level 2, 6/12 HPs)
             Began as a Felid Transmuter on Aug 22, 2022.
             Quit the game on level 4 of the Dungeon.
             The game lasted 00:03:27 (1350 turns).

worthlessgem the Scratcher (Felid Transmuter)       Turns: 1350, Time: 00:03:27

Health: 6/12       AC:  1    Str:  6    XL:     2   Next: 62%
Magic:  6/6        EV: 17    Int: 14    God:
Gold:   14         SH:  0    Dex: 16    Spells: 4/5 levels left
                                        Lives:  0   Deaths: 0

rFire   . . .      SeeInvis +     - Unarmed
rCold   . . .      Faith    .   (shield unavailable)
rNeg    . . .      Spirit   .   (armour unavailable)
rPois   .          Reflect  .   (helmet unavailable)
rElec   .          Harm     .   (cloak unavailable)
rCorr   .          Rampage  .   (gloves unavailable)
Will    .....                   (boots unavailable)
Stlth   +.........              (no amulet)
HPRegen 0.04/turn               (no ring)
MPRegen 0.10/turn               (no ring)

@: quick
A: very small, claws 1, fangs 3, see invisible, speed 1, shaggy fur 1, stealthy
paws, no weapons or thrown items, no armour, multi-lived
a: no special abilities


You were on level 4 of the Dungeon.
You visited 1 branch of the dungeon, and saw 4 of its levels.

You collected 14 gold pieces.

Inventory:

Missiles
 e - 29 stones
Scrolls
 a - a scroll of fog {unknown}
 b - a scroll of summoning {unknown}
 c - a scroll of identify {unknown}
 f - a scroll of enchant weapon {unknown}
Potions
 d - 2 potions of might {unknown}


   Skills:
 - Level 1.0 Fighting
 - Level 2.6 Dodging
 + Level 3.3 Unarmed Combat
 + Level 2.4 Spellcasting
 + Level 2.7 Transmutations


You had 4 spell levels left.
You knew the following spells:

 Your Spells              Type           Power      Damage    Failure   Level
a - Beastly Appendage     Tmut           18%        N/A       8%          1

Your spell library contained the following spells:

 Spells                   Type           Power      Damage    Failure   Level
 Wereblood                Tmut           9%         N/A       11%         2
 Spider Form              Tmut/Pois      5%         N/A       36%         3
 Ice Form                 Ice/Tmut       5%         N/A       78%         4


Dungeon Overview and Level Annotations

Branches:
Dungeon (5/15)
 Temple: D:4-7

Altars:


Innate Abilities, Weirdness & Mutations

You have sharp claws.
You have razor-sharp teeth.
You have supernaturally acute eyesight. (SInv)
You cover ground quickly. (Speed+)
You are covered in fur. (AC +1)
Your paws help you pounce on unaware monsters.
You are incapable of wielding weapons or throwing items.
You cannot wear armour.
You gain extra lives every three experience levels.


Message History

You scratch the giant cockroach.
The giant cockroach is moderately wounded.
The giant cockroach closely misses you.
You claw the giant cockroach!
You kill the giant cockroach!
No target in view!
Your transformation is almost over.
There is a stone staircase leading down here.
You climb downwards.
You hear the hiss of flowing sand.
There is an entrance to an ossuary on this level.
Hurry and find it before the portal is buried!
The orc wizard shouts!
The orc shouts!
Found an escape hatch in the floor and an escape hatch in the ceiling.
Found a stone staircase leading down.
There is a stone staircase leading up here.
The orc shouts!
You climb upwards.
There is a stone staircase leading down here.
A lemure comes into view.
The lemure shouts!
A lemure comes into view.
There are monsters nearby!
Your horns disappear.
Found a green potion.
The lemure hits you.
You see here a giant cockroach corpse.
A lemure is nearby!
A lemure is nearby!
An ufetubus comes into view.
The ufetubus shouts!
You hear a howl!
Found 18 stones.
The black bear growls angrily.
The ufetubus closely misses you. x2
You see here 18 stones.
The ufetubus hits you. The ufetubus completely misses you.
You open the door. The ufetubus hits you.
The ufetubus closely misses you. 2 hobgoblins and an adder skeleton come into view.
The hobgoblin shouts!
There is an open door here.
Are you sure you want to abandon this character and quit the game? (Confirm with "yes".)

#...#
#.#5#########
#.#......#..#
#.#......#..
#.#......#
#.#......#
#.#...(..#
#5#.5....#
###.##@######
+....#.....#.l
####.#.....#....
#.#.....# ...
#.#...gg+ ..
#.#..Z..#
#.##########
#...........
####.######


You could see a lemure, an ufetubus, 2 hobgoblins and an adder skeleton
(wandering).

Vanquished Creatures
  A bat (D:1)
  3 endoplasms (D:1)
  2 giant cockroaches
  2 goblins (D:1)
  2 hobgoblins (D:1)
  3 jackals (D:1)
  2 quokkas (D:1)
  A rat (D:1)
16 creatures vanquished.

Notes
Turn   | Place    | Note
-------+----------+-------------------------------------------
     0 | D:1      | worthlessgem the Felid Transmuter began the quest for the
                  | Orb.
     0 | D:1      | Reached XP level 1. HP: 9/9 MP: 4/4
   514 | D:1      | Reached XP level 2. HP: 9/12 MP: 4/6
   918 | D:1      | Found a faded altar of an unknown god.
   920 | D:1      | Noticed an eye of devastation
   920 | D:1      | Noticed an eye of devastation
   927 | D:1      | Noticed a shining eye
   930 | D:1      | Noticed a golden eye
  1283 | D:2      | You fall into a shaft and drop 2 floors!
  1296 | D:5      | Entered Level 5 of the Dungeon
  1301 | D:4      | Noticed a lemure
  1301 | D:4      | Noticed a lemure
  1341 | D:4      | Noticed a black bear
  1350 | D:4      | Quit the game

Illustrated notes

Levels and vault maps discovered:
D:1:      minmay_arrival_loop, layout_basic,
          hellmonk_ecumenical_altar_watching_god, minmay_misc_feat_cross
D:2:      layout_loops_ring
D:4:      minmay_clustersquares, layout_basic, mainiacjoe_overflow_alcove_2,
          uniq_pikel, uniq_robin, uniq_grinder
D:5:      layout_layer_cave, elyvilon_altar_4, nicolae_ossuary_entry_giza,
          corner_web_ring, minmay_between, uniq_blork_the_orc

Action                   || total
-------------------------++-------
Melee: Unarmed           ||    46
       Headbutt          ||     7
       Bite              ||     4
       Punch             ||     2
 Cast: Beastly Appendage ||    14
 Stab: Sleeping          ||     3
Armor: Skin              ||     2
Dodge: Dodged            ||    39
